 Dungeon Crawl Stone Soup version 0.28.0-53-g5a82cb258f (webtiles) character file.

Game seed: 7311247514427347237

18 MiltankisOP the Sneak (level 2, 0/17 HPs)
             Began as a Kobold Brigand on June 17, 2022.
             Slain by a worm (9 damage)
             ... on level 2 of the Dungeon.
             The game lasted 00:00:47 (995 turns).

MiltankisOP the Sneak (Kobold Brigand)               Turns: 995, Time: 00:00:48

Health: 0/17       AC:  3    Str:  8    XL:     2   Next: 90%
Magic:  2/2        EV: 14    Int: 12    God:
Gold:   55         SH:  0    Dex: 16    Spells: 1/1 levels left

rFire   . . .      SeeInvis .   a - +2 dagger
rCold   . . .      Faith    .   (no shield)
rNeg    . . .      Spirit   .   b - +0 robe
rPois   .          Reflect  .   (no helmet)
rElec   .          Harm     .   c - +0 cloak
rCorr   .          Rampage  .   (no gloves)
Will    .....                   (no boots)
Stlth   ++++......              (no amulet)
HPRegen 0.05/turn               (no ring)
MPRegen 0.08/turn               (no ring)

@: no status effects
A: small, no large weapons, nightstalker 3
a: no special abilities


You were on level 2 of the Dungeon.
You visited 1 branch of the dungeon, and saw 2 of its levels.

You collected 55 gold pieces.

Inventory:

Hand Weapons
 a - a +2 dagger (weapon)
Missiles
 d - 8 poisoned darts (quivered)
 e - 2 curare-tipped darts
Armour
 b - a +0 robe (worn)
 c - a +0 cloak (worn)
Scrolls
 f - 3 scrolls of identify {unknown}
 g - a scroll of magic mapping {unknown}
 h - a scroll of fear {unknown}
 i - a scroll of immolation {unknown}
 j - a scroll of amnesia {unknown}
Potions
 k - a potion of curing {unknown}


   Skills:
 - Level 2.2 Fighting
 + Level 3.5 Short Blades
 - Level 2.2 Throwing
 - Level 1.2 Dodging
 + Level 5.9 Stealth


You had one spell level left.
You didn't know any spells.
Your spell library contained the following spells:

 Spells                   Type           Power      Damage    Failure   Level
 Beastly Appendage        Tmut           0%         N/A       32%         1
 Magic Dart               Conj           0%         1d3       32%         1
 Blink                    Tloc           0%         N/A       45%         2
 Call Imp                 Summ           0%         N/A       45%         2
 Wereblood                Tmut           0%         N/A       45%         2
 Lesser Beckoning         Tloc           0%         N/A       69%         3
 Mephitic Cloud           Conj/Pois/Air  0%         N/A       69%         3
 Spider Form              Tmut/Pois      0%         N/A       69%         3
 Manifold Assault         Tloc           0%         N/A       100%        5


Dungeon Overview and Level Annotations

Branches:
Dungeon (2/15)

Altars:


Innate Abilities, Weirdness & Mutations

You are small and have problems with some larger weapons.
You are completely attuned to the shadows.


Message History

A worm comes into view.
There is a stone staircase leading up here.
The worm barely misses you.
You hit the worm.
The worm is lightly wounded.
You hit the worm.
The worm is moderately wounded.
The worm barely misses you.
You hit the worm.
The worm is moderately wounded.
You hit the worm.
The worm is moderately wounded.
The worm bites you!
You hit the worm.
The worm is moderately wounded.
You hit the worm.
The worm is moderately wounded.
The worm barely misses you.
You barely miss the worm.
The worm is moderately wounded.
You hit the worm.
The worm is heavily wounded.
The worm bites you but does no damage.
You hit the worm.
The worm is heavily wounded.
You hit the worm but do no damage.
The worm is heavily wounded.
The worm misses you.
You hit the worm.
The worm is heavily wounded.
You hit the worm.
The worm is severely wounded.
The worm bites you but does no damage.
You hit the worm.
The worm is almost dead.
You hit the worm.
The worm is almost dead.
The worm bites you!
Ouch! That really hurt!
You die...

.. ......
..####
.....#
....w# #
....#
.....@##.#
###..#
......<...#
.....#
.......####
..##.#
#..........
####.#
#..#..####
#.# #...##
#.# ##.##
#.# #.#
#.##
#.########


You could see a worm.

Vanquished Creatures
  2 dart slugs (D:1)
  4 ball pythons
  An endoplasm (D:2)
  A giant cockroach (D:2)
  2 jackals (D:1)
  A kobold (D:1)
  A quokka (D:1)
  A bat (D:2)
  A rat (D:1)
14 creatures vanquished.

Notes
Turn   | Place    | Note
-------+----------+-------------------------------------------
     0 | D:1      | MiltankisOP the Kobold Brigand began the quest for the Orb.
     0 | D:1      | Reached XP level 1. HP: 12/12 MP: 1/1
   385 | D:1      | Reached XP level 2. HP: 17/17 MP: 2/2
   995 | D:2      | Slain by a worm

Illustrated notes

Levels and vault maps discovered:
D:1:      lightli_arrival_quake, layout_loops_ring, chequers_avenue
D:2:      layout_loops_ring, hellmonk_ecumenical_altar_crossroads, serial_shops,
          shop, basic_altar, minmay_tromino_v4_c

Skill      XL: |  1 |
---------------+----+-----
Short Blades   | 3 |  3.5
Fighting       | |  2.2
Throwing       | |  2.2
Dodging        | |  1.2
Stealth        | |  5.9

Action                   || total
-------------------------++-------
Melee: Dagger            ||    47
       Punch             ||     1
 Stab: Sleeping          ||     6
       Distracted        ||     1
Armor: Robe              ||     6
Dodge: Dodged            ||    26
